 Dungeon Crawl Stone Soup version 0.26-a0-651-gb41185065b (webtiles) character file.

Game seed: 2267582692742652502

1227 Apogee the Skirmisher (level 8, -6/73 HPs)
             Began as a Ghoul Monk on Oct 8, 2020.
             Was a Believer of Makhleb.
             Mangled by an orc warrior
             ... wielding a +0 morningstar
              (10 damage)
             ... on level 6 of the Dungeon.
             The game lasted 00:20:55 (7972 turns).

Apogee the Skirmisher (Ghoul Monk)                  Turns: 7972, Time: 00:20:55

Health: -6/73      AC: 13    Str: 23    XL:     8   Next: 48%
Magic:  0/7        EV:  9    Int:  5    God:    Makhleb [**....]
Gold:   168        SH:  0    Dex: 11    Spells: 7/7 levels left

rFire    . . .     SeeInvis .     - Unarmed
rCold    + . .     Faith    .   (no shield)
rNeg     + + +     Spirit   +   y - +0 chain mail
rPois    ∞         Reflect  .   (no helmet)
rElec    .         Harm     .   (no cloak)
rCorr    .         Rampage  .   n - +0 pair of gloves
MR       .....                  r - +1 pair of boots {Fly}
Stlth    ..........             w - amulet of guardian spirit
HPRegen  0.00/turn              c - +6 ring of strength
MPRegen  0.10/turn              (no ring)

@: flying
A: rotting body, claws 1, cold resistance 1, negative energy resistance 3,
inhibited regeneration, torment resistance, unbreathing
a: Minor Destruction, Renounce Religion, Stop Flying


You were on level 6 of the Dungeon.
You worshipped Makhleb.
Makhleb was pleased with you.
You visited 2 branches of the dungeon, and saw 9 of its levels.

You collected 399 gold pieces.
You spent 231 gold pieces at shops.

Inventory:

Missiles
 b - 258 stones (quivered)
Armour
 a - a +0 robe
 d - a +0 ring mail
   (You found it on level 1 of the Dungeon)
 n - a +0 pair of gloves (worn)
   (You found it on level 2 of the Dungeon)
 r - a +1 pair of boots of flying (worn)
   (You bought it in a shop on level 5 of the Dungeon)
 y - a +0 chain mail (worn)
   (You found it on level 6 of the Dungeon)
Jewellery
 c - a +6 ring of strength (left hand)
   (You found it on level 1 of the Dungeon)
 w - an amulet of guardian spirit (around neck)
   (You found it on level 4 of the Dungeon)
Scrolls
 f - a scroll of noise {unknown}
 h - 5 scrolls of teleportation {@r4}
 j - a scroll of immolation {unknown}
 l - 2 scrolls of enchant weapon {unknown}
 m - a scroll of amnesia {unknown}
 o - 2 scrolls of magic mapping {unknown}
 q - 2 scrolls of blinking {unknown}
 s - a scroll of random uselessness {unknown}
 t - 3 scrolls of remove curse {unknown}
 x - a scroll of enchant armour {unknown}
 A - a scroll of identify {@r1}
Potions
 e - 3 potions of stabbing {unknown}
 g - a potion of mutation {unknown}
 i - a potion of flight {unknown}
 k - 3 potions of curing {@q1}
 p - 2 potions of heal wounds {unknown}
 u - 2 potions of cancellation {unknown}
 v - 4 potions of lignification
 z - a potion of might {unknown}


   Skills:
 + Level 7.3 Fighting
 + Level 4.5 Armour
 - Level 2.6 Dodging
 - Level 2.1 Stealth
 + Level 7.3 Unarmed Combat


You had 7 spell levels left.
You didn't know any spells.
Your spell library contained the following spells:

 Spells                   Type           Power        Failure   Level
 Animate Skeleton         Necr           #.....       99%         1
 Apportation              Tloc           #.....       99%         1
 Corona                   Hex            #......      99%         1
 Summon Small Mammal      Summ           #...         99%         1
 Ensorcelled Hibernation  Hex/Ice        #.....       99%         2
 Confusing Touch          Hex            #.......     100%        3
 Dazzling Flash           Conj/Hex       #.....       100%        3
 Tukima's Dance           Hex            #.......     100%        3


Dungeon Overview and Level Annotations

Branches:
Dungeon (8/15)             Temple (1/1) D:7
   Lair: D:8-11

Altars:
Cheibriados
Elyvilon
Fedhas
Gozag
Kikubaaqudgha
Makhleb
Nemelex Xobeh
Qazlal
Ru
Trog
Uskayaw
Vehumet
Wu Jian
Xom
The Shining One

Shops:
D:5 [

Annotations:
D:3 1 runed translucent door, Crazy Yiuf, Sigmund
D:6 Pikel


Innate Abilities, Weirdness & Mutations

Your body is rotting away.
You thrive by killing the living.
You are immune to poison.
You have sharp fingernails.
Your flesh is cold resistant. (rC+)
You are immune to negative energy. (rN+++)
You do not regenerate when monsters are visible.
You are immune to unholy pain and torment.
You can survive without breathing.


Message History

Things that are here:
a +0 chain mail; an orc corpse You barely miss the orc warrior.
The orc warrior hits you with a +0 morningstar!
You barely miss the orc warrior. The orc warrior barely misses you.
You punch the orc warrior!
You hit the orc warrior but do no damage.
The orc warrior hits you with a +0 morningstar!
You hit the orc warrior but do no damage.
The orc warrior hits you with a +0 morningstar!
* * * LOW HITPOINT WARNING * * *
You aren't carrying any items that you can evoke.
Okay, then.
Your unliving flesh cannot be transformed in this way.
Unknown command.
There is a stone staircase leading up here.
The orc warrior barely misses you.
You fly upwards.
Level annotation: Pikel
There is a stone staircase leading down here.
You don't know any spells.
Unknown command.
Aim: an orc warrior, wielding a +0 morningstar and wearing a +0 plate armour (moderately wounded)
You fail to use your ability.
The orc warrior closely misses you.
Aim: an orc warrior, wielding a +0 morningstar and wearing a +0 plate armour (moderately wounded)
The glob of acid misses the orc warrior.
The orc warrior hits you with a +0 morningstar!
* * * LOW HITPOINT WARNING * * *
Aim: an orc warrior, wielding a +0 morningstar and wearing a +0 plate armour (moderately wounded)
The puff of flame hits the orc warrior.
The orc warrior hits you but does no damage.
Aim: an orc warrior, wielding a +0 morningstar and wearing a +0 plate armour (moderately wounded)
The stone arrow hits the orc warrior.
The orc warrior closely misses you.
Aim: an orc warrior, wielding a +0 morningstar and wearing a +0 plate armour (heavily wounded)
You fail to use your ability.
The orc warrior hits you with a +0 morningstar.
* * * LOW HITPOINT WARNING * * *
Aim: an orc warrior, wielding a +0 morningstar and wearing a +0 plate armour (heavily wounded)
The zap misses the orc warrior.
The orc warrior hits you with a +0 morningstar!
* * * LOW HITPOINT WARNING * * *
Unknown command.
Aim: an orc warrior, wielding a +0 morningstar and wearing a +0 plate armour (heavily wounded)
The orc warrior easily resists.
The orc warrior barely misses you.
Aim: an orc warrior, wielding a +0 morningstar and wearing a +0 plate armour (heavily wounded)
You fail to use your ability.
The orc warrior hits you with a +0 morningstar!
You die...

.#.###.###...###.# #..#
.#.....# ##.## #.# #.(#
....##.####.####.###..#
.#......<.....#...##..######
.#..#.#...........#........#
##.K#...#####.......###....#
##..##### ####....# #....#
....# #.##.###.#.## ###.#
##### #@##<....#.# #.###...#
###o####.###.# #..K...<#
#.....##.# #.#
#####...####.###.##.# #.#
##.......# #....# #########
#######.###.######..≈≈.≈≈#
########.....# #≈#######≈
#..........### #≈##≈≈≈≈#≈
#.########## #≈#≈###≈#≈


You could see an orc warrior.

Vanquished Creatures
  Menkaure (D:5)
  An ice beast (D:5)
  2 ogres
  A centaur (D:8)
  Blork the orc (D:4)
  A bullfrog (D:7)
  A bullfrog zombie (D:7)
  An orc priest (D:7)
  A bullfrog skeleton (D:5)
  A hound (D:5)
  2 orc wizards
  2 centaur skeletons
  2 iguanas
  4 worker ants
  A hound skeleton (D:5)
  4 gnolls (D:7)
  9 adders
  A shadow imp (D:5)
  A white imp (D:6)
  An ufetubus (D:6)
  2 worms
  4 dart slugs
  5 leopard geckos
  10 orcs
  5 giant cockroaches
  10 goblins
  8 hobgoblins
  9 jackals
  8 kobolds
  7 quokkas
  4 bats
  A frilled lizard (D:1)
  A jackal skeleton (D:5)
  A leopard gecko skeleton (D:5)
  A leopard gecko zombie (D:7)
  A quokka skeleton (D:5)
  12 rats
127 creatures vanquished.

Vanquished Creatures (others)
  A giant cockroach (D:2)
1 creature vanquished.

Grand Total: 128 creatures vanquished

Notes
Turn   | Place    | Note
-------+----------+-------------------------------------------
     0 | D:1      | Apogee the Ghoul Monk began the quest for the Orb.
     0 | D:1      | Reached XP level 1. HP: 19/19 MP: 0/0
   190 | D:1      | Reached XP level 2. HP: 26/26 MP: 1/1
   359 | D:1      | Found a glowing golden altar of the Shining One.
   623 | D:1      | Reached XP level 3. HP: 33/33 MP: 2/2
  1057 | D:2      | Found a white marble altar of Elyvilon.
  1346 | D:2      | Found a stormy altar of Qazlal.
  1569 | D:2      | Reached XP level 4. HP: 27/41 MP: 3/3
  2376 | D:3      | Noticed Sigmund
  2394 | D:2      | Reached skill level 1 in Armour
  2394 | D:2      | Reached XP level 5. HP: 37/47 MP: 4/4
  2624 | D:3      | Reached skill level 5 in Fighting
  2975 | D:3      | Found a runed translucent door.
  2976 | D:3      | Noticed Crazy Yiuf
  3074 | D:3      | Reached skill level 5 in Unarmed Combat
  3422 | D:4      | Found an ornate altar of the Wu Jian Council.
  3439 | D:4      | Noticed Blork the orc
  3459 | D:4      | Killed Blork the orc
  3459 | D:4      | Reached XP level 6. HP: 18/56 MP: 5/5
  4226 | D:5      | Entered Level 5 of the Dungeon
  4398 | D:5      | Noticed Menkaure
  4409 | D:5      | Killed Menkaure
  4409 | D:5      | Reached XP level 7. HP: 24/62 MP: 1/6
  5041 | D:5      | Found a sparkling altar of Nemelex Xobeh.
  5371 | D:5      | Found Unepleu's Armour Shoppe.
  5379 | D:5      | Bought a +1 pair of boots of flying for 231 gold pieces
  5763 | D:6      | Noticed Pikel
  6482 | D:7      | Found a staircase to the Ecumenical Temple.
  6496 | D:7      | Reached XP level 8. HP: 65/71 MP: 7/7
  6534 | Temple   | Entered the Ecumenical Temple
  7556 | D:8      | Found a hide-covered altar of Uskayaw.
  7698 | Temple   | Became a worshipper of Makhleb the Destroyer
  7698 | Temple   | Reached * piety under Makhleb
  7698 | Temple   | Reached ** piety under Makhleb
  7972 | D:6      | Mangled by an orc warrior

Illustrated notes

Levels and vault maps discovered:
D:1:      dpeg_arrival_rooms_a, layout_basic, tso_metal_star
D:2:      layout_loops_corners, lemuel_coloured_pillars_altar, elyvilon_altar_4
D:3:      layout_rooms, uniq_crazy_yiuf_cottage, uniq_sigmund
D:4:      layout_gridville, kennysheep_mini, uniq_blork_the_orc
D:5:      layout_loops_ring, nemelex_xobeh_ov_fountains_minmay,
          nicolae_ossuary_entry_plus, serial_shops, nicolae_shop_behind_doors,
          uniq_menkaure
D:6:      layout_loops_ring, gup_sewer_entry_spiral, uniq_pikel
D:7:      layout_gridville, minmay_temple_entry_offerings
D:8:      layout_basic, gammafunk_temple_overflow_claw, kennysheep_mini_moat,
          gammafunk_temple_overflow_elements, special_room
          [special_room_kobold], uniq_maurice, uniq_joseph
Temple:   dpeg_three_leaves_temple

Skill      XL: |  1  2  3  4  5  6  7  8 |
---------------+-------------------------+-----
Fighting       | 4 5 6 7 |  7.3
Unarmed Combat | 4 5 6 7 |  7.3
Armour         | 1 2 3 4 |  4.5
Dodging        | |  2.6
Stealth        | |  2.1

Action                   |  1- 3 |  4- 6 |  7- 9 || total
-------------------------+-------+-------+-------++-------
Melee: Unarmed           |   133 |   210 |   202 ||   545
       Punch             |     1 |     6 |     1 ||     8
Invok: Minor Destruction |       |       |     5 ||     5
  Use: Potion            |       |     2 |     1 ||     3
       Scroll            |       |     5 |     3 ||     8
 Stab: Sleeping          |     2 |       |       ||     2
Armor: Ring mail         |    27 |    65 |    14 ||   106
       Robe              |     3 |       |       ||     3
       Chain mail        |       |       |    59 ||    59
Dodge: Dodged            |    67 |   122 |   103 ||   292

Table legend: (Time is in decaauts)
 A = Elapsed time spent in this place.
 B = Non-inter-level travel time spent in this place.
 C = Inter-level travel time spent in this place.
 D = Time resting spent in this place.
 E = Time spent auto-exploring this place.
 F = Levels seen in this place.
 G = Mean time per level.
                   A        B        C        D        E       F      G
               +--------+--------+--------+--------+--------+-----+--------+
         Total |   7912 |   7442 |    470 |   1423 |   4538 |   9 |  879.1 |
       Dungeon |   7763 |   7322 |    441 |   1423 |   4471 |   8 |  970.4 |
        Temple |    149 |    121 |     28 |      0 |     67 |   1 |  149.0 |
               +--------+--------+--------+--------+--------+-----+--------+

Top non-repeatable levels by time:
     D:2: 1425 daAuts
     D:4: 1227 daAuts
     D:5: 1161 daAuts
     D:3: 930 daAuts
     D:1: 906 daAuts
     D:6: 832 daAuts
     D:8: 716 daAuts
     D:7: 563 daAuts
  Temple: 149 daAuts
